SAA
MARQUETTE MINERS @ LONG ISLAND SEAWOLVES
08/01/2031
 
TOP OF THE 1ST
Marquette Miners batting - Pitching for Long Island Seawolves : RHP Jaime Gabriel
Pitching: RHP Jaime Gabriel
Batting: RHB Sameen Shaw 0-0: Called Strike
0-1: Foul Ball, location: 2F
0-2: Ball
1-2: Ball
2-2: Ball
3-2: Ground out 4-3 (Groundball, 4)
Batting: RHB Mark Keys 0-0: Ball
1-0: Called Strike
1-1: Ground out 6-3 (Groundball, 6)
Batting: SHB Ben Boston 0-0: Ball
1-0: Swinging Strike
1-1: Ball
2-1: Swinging Strike
2-2: Strikes out swinging
Top of the 1st over - 0 runs, 0 hits, 0 errors, 0 left on base; Marquette 0 - Long Island 0
BOTTOM OF THE 1ST
Long Island Seawolves batting - Pitching for Marquette Miners : RHP Juan Parales
Pitching: RHP Juan Parales
Batting: SHB Josh Sanders 0-0: Foul Ball, location: 2F
0-1: Called Strike
0-2: Ball
1-2: Ball
2-2: Ball
3-2: Base on Balls
Batting: RHB Max Berman 0-0: Ball
1-0: Ball
2-0: Fly out, F9 (Line Drive, 89S)
Batting: RHB Alfredo Escalante 0-0: Ball
1-0: Ball
2-0: Ball
3-0: Base on Balls
Josh Sanders to second
Batting: SHB Alfredo Sánchez 0-0: Called Strike
0-1: Ball
1-1: Ball
2-1: Ball
3-1: Called Strike
3-2: Foul Ball, location: 2F
3-2: Ground out 6-3 (Groundball, 6)
Josh Sanders to third
Alfredo Escalante to second
Batting: RHB Rob McGinnity 0-0: Called Strike
0-1: Ball
1-1: Ball
2-1: Swinging Strike
2-2: Strikes out looking
Bottom of the 1st over - 0 runs, 0 hits, 0 errors, 2 left on base; Marquette 0 - Long Island 0
TOP OF THE 2ND
Marquette Miners batting - Pitching for Long Island Seawolves : RHP Jaime Gabriel
Batting: RHB Asko Riikonen 0-0: Called Strike
0-1: Swinging Strike
0-2: Ball
1-2: Foul Ball, location: 2F
1-2: Foul Ball, location: 2F
1-2: Strikes out swinging
Batting: RHB Franklin Kelley 0-0: Ball
1-0: Called Strike
1-1: Swinging Strike
1-2: Strikes out swinging
Batting: RHB Andrew Cantrell 0-0: Ball
1-0: Ball
2-0: Foul Ball, location: 2F
2-1: Foul Ball, location: 2F
2-2: Fly out, F7 (Flyball, 78D)
Top of the 2nd over - 0 runs, 0 hits, 0 errors, 0 left on base; Marquette 0 - Long Island 0
BOTTOM OF THE 2ND
Long Island Seawolves batting - Pitching for Marquette Miners : RHP Juan Parales
Batting: RHB Júlio Flores 0-0: Foul Ball, location: 2F
0-1: Ball
1-1: Fly out, F9 (Line Drive, 9)
Batting: LHB Wilson López 0-0: Ball
1-0: Called Strike
1-1: Foul Ball, location: 2F
1-2: Strikes out looking
Batting: RHB DeAndre Thomas 0-0: Ball
1-0: Ball
2-0: Ground out 6-3 (Groundball, 6)
Bottom of the 2nd over - 0 runs, 0 hits, 0 errors, 0 left on base; Marquette 0 - Long Island 0
TOP OF THE 3RD
Marquette Miners batting - Pitching for Long Island Seawolves : RHP Jaime Gabriel
Batting: RHB Mike Elzey 0-0: Ball
1-0: Called Strike
1-1: Fly out, F8 (Line Drive, 8LD)
Batting: RHB Alejandro Márquez 0-0: Foul Ball, location: 2F
0-1: Ball
1-1: Ball
2-1: Ball
3-1: Foul Ball, location: 2F
3-2: Ground out 1-3 (Groundball, P)
Batting: SHB Ted Tullo 0-0: Swinging Strike
0-1: Foul Ball, location: 2F
0-2: Ground out U3 (Groundball, 3)
Top of the 3rd over - 0 runs, 0 hits, 0 errors, 0 left on base; Marquette 0 - Long Island 0
BOTTOM OF THE 3RD
Long Island Seawolves batting - Pitching for Marquette Miners : RHP Juan Parales
Batting: RHB Abad Lugo 0-0: Called Strike
0-1: Foul Ball, location: 2F
0-2: Ball
1-2: Ball
2-2: Ground out 4-3 (Groundball, 4MS)
Batting: SHB Josh Sanders 0-0: Ball
1-0: Ball
2-0: Foul Ball, location: 2F
2-1: Ball
3-1: Called Strike
3-2: Fly out, F7 (Flyball, 7D)
Batting: RHB Max Berman 0-0: Called Strike
0-1: Ball
1-1: Foul Ball, location: 2F
1-2: Strikes out looking
Bottom of the 3rd over - 0 runs, 0 hits, 0 errors, 0 left on base; Marquette 0 - Long Island 0
TOP OF THE 4TH
Marquette Miners batting - Pitching for Long Island Seawolves : RHP Jaime Gabriel
Batting: RHB Sameen Shaw 0-0: Foul Ball, location: 2F
0-1: Foul Ball, location: 2F
0-2: Ground out 1-3 (Groundball, 13S)
Batting: RHB Mark Keys 0-0: Ground out 5-3 (Groundball, 56)
Batting: SHB Ben Boston 0-0: Called Strike
0-1: Foul Ball, location: 2F
0-2: Ball
1-2: Ball
2-2: Ball
3-2: Foul Ball, location: 2F
3-2: Foul Ball, location: 2F
3-2: SINGLE (Line Drive, 8LM)
Batting: RHB Asko Riikonen 0-0: Foul Ball, location: 2F
0-1: Foul Ball, location: 2F
0-2: Ball
1-2: Ball
2-2: Ground out 5-3 (Groundball, 56S)
Top of the 4th over - 0 runs, 1 hit, 0 errors, 1 left on base; Marquette 0 - Long Island 0
BOTTOM OF THE 4TH
Long Island Seawolves batting - Pitching for Marquette Miners : RHP Juan Parales
Batting: RHB Alfredo Escalante 0-0: Ball
1-0: SINGLE (Groundball, 6) (infield hit)
Batting: SHB Alfredo Sánchez 0-0: Called Strike
0-1: Ball
1-1: Ball
2-1: Called Strike
2-2: Ball
3-2: Foul Ball, location: 2F
3-2: Strikes out swinging
Alfredo Escalante steals 2nd base
Batter strikes out.
Batting: RHB Rob McGinnity 0-0: Ball
1-0: Ball
2-0: Called Strike
2-1: Fly out, F9 (Flyball, 9LS)
Batting: RHB Júlio Flores 0-0: Ball
1-0: Ball
2-0: Ball
3-0: Base on Balls
Batting: LHB Wilson López 0-0: Called Strike
0-1: SINGLE (Groundball, 4MD)
Alfredo Escalante to third
Júlio Flores to second
Runner from 3rd tries for Home, SAFE, no throw
Batting: RHB DeAndre Thomas 0-0: Ball
1-0: Ball
2-0: Called Strike
2-1: Swinging Strike
2-2: Foul Ball, location: 2F
2-2: Strikes out swinging
Bottom of the 4th over - 1 run, 2 hits, 0 errors, 2 left on base; Marquette 0 - Long Island 1
TOP OF THE 5TH
Marquette Miners batting - Pitching for Long Island Seawolves : RHP Jaime Gabriel
Batting: RHB Franklin Kelley 0-0: SINGLE (Groundball, 6MD)
Batting: RHB Andrew Cantrell 0-0: Ball
Franklin Kelley steals 2nd base
1-0: Called Strike
1-1: Ball
2-1: Sac Bunt - play at first, batter OUT! 2-4
Franklin Kelley to third
Batting: RHB Mike Elzey 0-0: Ball
1-0: Swinging Strike
1-1: Ball
2-1: Swinging Strike
2-2: SINGLE (Groundball, 13) (infield hit)
Batting: RHB Alejandro Márquez 0-0: Ball
1-0: Called Strike
1-1: Ball
2-1: Ball
3-1: Base on Balls
Mike Elzey to second
Batting: SHB Ted Tullo 0-0: Ball
1-0: Ball
2-0: Called Strike
2-1: Ball
3-1: Base on Balls
Franklin Kelley scores
Mike Elzey to third
Alejandro Márquez to second
Batting: RHB Sameen Shaw 0-0: Ball
1-0: Ball
2-0: Called Strike
2-1: Ball
3-1: Called Strike
3-2: Strikes out swinging
Batting: RHB Mark Keys 0-0: Fielders Choice at 2nd, 5-4 (Groundball, 56)
Top of the 5th over - 1 run, 2 hits, 0 errors, 3 left on base; Marquette 1 - Long Island 1
BOTTOM OF THE 5TH
Long Island Seawolves batting - Pitching for Marquette Miners : RHP Juan Parales
Batting: RHB Abad Lugo 0-0: Fly out, F3 (Popup, 3SF)
Batting: SHB Josh Sanders 0-0: Foul Ball, location: 2F
0-1: Ball
1-1: Swinging Strike
1-2: Ground out 4-3 (Groundball, 4)
Batting: RHB Max Berman 0-0: Ball
1-0: Foul Ball, location: 2F
1-1: Foul Ball, location: 2F
1-2: Ball
2-2: Foul Ball, location: 2F
2-2: Ball
3-2: SINGLE (Line Drive, 6D)
Batting: RHB Alfredo Escalante 0-0: Ball
1-0: Called Strike
1-1: Ball
2-1: Ball
3-1: Base on Balls
Max Berman to second
Batting: SHB Alfredo Sánchez 0-0: Called Strike
0-1: Ball
1-1: Ball
2-1: Ball
3-1: Base on Balls
Max Berman to third
Alfredo Escalante to second
Batting: RHB Rob McGinnity 0-0: Swinging Strike
0-1: Ball
1-1: Fly out, F2 (Popup, 25F)
Bottom of the 5th over - 0 runs, 1 hit, 0 errors, 3 left on base; Marquette 1 - Long Island 1
TOP OF THE 6TH
Marquette Miners batting - Pitching for Long Island Seawolves : RHP Jaime Gabriel
Batting: SHB Ben Boston 0-0: Ball
1-0: Called Strike
1-1: Fly out, F9 (Flyball, 9S)
Batting: RHB Asko Riikonen 0-0: Swinging Strike
0-1: Called Strike
0-2: Ball
1-2: Foul Ball, location: 2F
1-2: Foul Ball, location: 2F
1-2: Ball
2-2: Ball
3-2: Ground out U3 (Groundball, 3S)
Batting: RHB Franklin Kelley 0-0: Foul Ball, location: 2F
0-1: Ball
1-1: Foul Ball, location: 2F
1-2: Strikes out swinging
Top of the 6th over - 0 runs, 0 hits, 0 errors, 0 left on base; Marquette 1 - Long Island 1
BOTTOM OF THE 6TH
Long Island Seawolves batting - Pitching for Marquette Miners : RHP Juan Parales
Batting: RHB Júlio Flores 0-0: Ball
1-0: Foul Ball, location: 2F
1-1: Foul Ball, location: 2F
1-2: Ball
2-2: Foul Ball, location: 2F
2-2: Ball
3-2: Base on Balls
Batting: LHB Wilson López 0-0: Ball
1-0: Sac Bunt - play at first, batter OUT! 3-4
Júlio Flores to second
Batting: RHB DeAndre Thomas 0-0: Called Strike
0-1: Ball
1-1: Ball
2-1: Foul Ball, location: 2F
2-2: Ball
3-2: Ground out 6-3 (Groundball, 6)
Pitching: LHP Chiel Abspoel
Batting: RHB Abad Lugo 0-0: Called Strike
0-1: Ball
1-1: Foul Ball, location: 2F
1-2: Fly out, F9 (Flyball, 9S)
Bottom of the 6th over - 0 runs, 0 hits, 0 errors, 1 left on base; Marquette 1 - Long Island 1
TOP OF THE 7TH
Marquette Miners batting - Pitching for Long Island Seawolves : RHP Jaime Gabriel
Batting: RHB Andrew Cantrell 0-0: Called Strike
0-1: Ball
1-1: SINGLE (Line Drive, 89M)
Batting: RHB Mike Elzey 0-0: Called Strike
0-1: Sac Bunt - play at first, batter OUT! 1-3
Andrew Cantrell to second
Batting: RHB Alejandro Márquez 0-0: Ball
1-0: Swinging Strike
1-1: Swinging Strike
1-2: Strikes out looking
Pitching: LHP José González
Pinch Hitting: RHB Brock Dean 0-0: Ground out 6-3 (Groundball, 6)
Top of the 7th over - 0 runs, 1 hit, 0 errors, 1 left on base; Marquette 1 - Long Island 1
BOTTOM OF THE 7TH
Long Island Seawolves batting - Pitching for Marquette Miners : LHP Chiel Abspoel
Now at 1B: Rocky Cantrell
Pinch Hitting: RHB Armando Rey 0-0: Called Strike
0-1: Called Strike
0-2: Strikes out swinging
Batting: RHB Max Berman 0-0: Called Strike
0-1: Foul Ball, location: 2F
0-2: Foul Ball, location: 2F
0-2: Ball
1-2: Ball
2-2: Foul Ball, location: 2F
2-2: Ball
3-2: Fly out, F9 (Flyball, 9)
Batting: RHB Alfredo Escalante 0-0: Ball
1-0: Called Strike
1-1: Ball
2-1: Ball
3-1: Base on Balls
Batting: SHB Alfredo Sánchez 0-0: Called Strike
0-1: Foul Ball, location: 2F
0-2: 2-RUN HOME RUN (Flyball, 7LD), Distance : 344 ft
Pitching: LHP Cristo Rodríguez
Batting: RHB Rob McGinnity 0-0: Ball
1-0: Fly out, F4 (Popup, 34S)
Bottom of the 7th over - 2 runs, 1 hit, 0 errors, 0 left on base; Marquette 1 - Long Island 3
TOP OF THE 8TH
Marquette Miners batting - Pitching for Long Island Seawolves : LHP José González
Now in RF: Michael van Berkel
Batting: RHB Sameen Shaw 0-0: Ball
1-0: Ball
2-0: Ball
3-0: Called Strike
3-1: Swinging Strike
3-2: Strikes out swinging
Batting: RHB Mark Keys 0-0: Called Strike
0-1: Ball
1-1: Foul Ball, location: 2F
1-2: Ball
2-2: Foul Ball, location: 2F
2-2: Strikes out swinging
Batting: SHB Ben Boston 0-0: Ball
1-0: Foul Ball, location: 2F
1-1: Called Strike
1-2: Foul Ball, location: 2F
1-2: Strikes out swinging
Top of the 8th over - 0 runs, 0 hits, 0 errors, 0 left on base; Marquette 1 - Long Island 3
BOTTOM OF THE 8TH
Long Island Seawolves batting - Pitching for Marquette Miners : LHP Cristo Rodríguez
Batting: RHB Júlio Flores 0-0: Ball
1-0: Ball
2-0: Ball
3-0: Base on Balls
Batting: LHB Wilson López 0-0: Ball
1-0: Sac Bunt - play at first, batter OUT! 2-4
Júlio Flores to second
Batting: RHB DeAndre Thomas 0-0: Called Strike
0-1: Ball
1-1: Ball
2-1: Foul Ball, location: 2F
2-2: Foul Ball, location: 2F
2-2: Ball
3-2: Strikes out looking
Batting: RHB Abad Lugo 0-0: Ball
1-0: Ball
2-0: Foul Ball, location: 2F
2-1: Ball
3-1: Foul Ball, location: 2F
3-2: Foul Ball, location: 2F
3-2: Base on Balls
Pinch Hitting: RHB Ricardo Pulido 0-0: Called Strike
0-1: Ball
1-1: Swinging Strike
1-2: Ball
2-2: Foul Ball, location: 2F
2-2: Strikes out looking
Bottom of the 8th over - 0 runs, 0 hits, 0 errors, 2 left on base; Marquette 1 - Long Island 3
TOP OF THE 9TH
Marquette Miners batting - Pitching for Long Island Seawolves : LHP José González
Pitching: LHP Denis Melis
Now at 2B: Ricardo Pulido
Batting: RHB Asko Riikonen 0-0: Ball
1-0: Ball
2-0: Called Strike
2-1: Swinging Strike
2-2: Foul Ball, location: 2F
2-2: SINGLE (Line Drive, 9LM)
Batting: RHB Franklin Kelley 0-0: Ball
1-0: Ball
2-0: DOUBLE (Line Drive, 89XD)
Asko Riikonen to third
Batting: RHB Andrew Cantrell 0-0: Ball
1-0: Fly out, F7 (Flyball, 78S)
Batting: RHB Mike Elzey 0-0: Ball
1-0: Called Strike
1-1: Called Strike
1-2: Ball
2-2: Fly out, F7 (Flyball, 7S)
Batting: RHB Alejandro Márquez 0-0: Foul Ball, location: 2F
Error on foul ball, E9
0-2: Strikes out swinging
Top of the 9th over - 0 runs, 2 hits, 1 error, 2 left on base; Marquette 1 - Long Island 3
Tuesday, June 12th, 2018 - OOTP Baseball 18.8 Build 76